 Dungeon Crawl Stone Soup version 0.31-a0-435-g2c6fae2916 (webtiles) character file.

Game seed: 6742012006969620318

10 Xavori the Trooper (level 2, 22/22 HPs)
             Began as a Djinni Chaos Knight on Aug 2, 2023.
             Was a Plaything of Xom.
             Quit the game on level 1 of the Dungeon.
             The game lasted 00:01:18 (9583 turns).

Xavori the Trooper (Djinni Chaos Knight)            Turns: 9583, Time: 00:01:19

Health: 22/22      AC:  6    Str:  9      XL:     2   Next: 30%
Gold:   81         EV: 10    Int: 12 (13) God:    Xom [*.....] SH:  0 Dex: 12

rFire   + + .        a - +0 falchion (chaos)
rCold   x . .        (no shield)
rNeg    . . .        j - +4 ring mail {rPois}
rPois   ∞            (helmet restricted)
rElec   .            (no cloak)
rCorr   .            (no gloves)
SInv    .            (boots unavailable)
Will    .....        (no amulet)
Stlth   +            (no ring)
HPRegen 0.23/turn    (no ring)
MPRegen 0.00/turn

%: no passive effects
@: flying
A: sickness immunity, fire resistance 2, cold vulnerability 1, float, innate
caster, HP casting, extra vitality 1, horns 1, deformed body, frail 1, sense
surroundings 1, weak 1
a: Renounce Religion


You were on level 1 of the Dungeon.
You worshipped Xom.
You were a special plaything of Xom.
You visited 1 branch of the dungeon, and saw 2 of its levels.

You collected 81 gold pieces.

Inventory:

Hand Weapons
 a - a +0 falchion of chaos (weapon)
Armour
 b - a +2 leather armour
 j - a +4 ring mail of poison resistance (worn)
Wands
 i - a wand of flame (10)
Scrolls
 c - a scroll of butterflies
 h - a scroll of noise {unknown}
Potions
 d - a potion of enlightenment {unknown}
 e - a potion of degeneration {unknown}
 f - a potion of curing {unknown}
 g - a potion of brilliance {unknown}


   Skills:
 + Level 3.1 Fighting
 + Level 2.9 Long Blades
 + Level 1.0 Armour
 + Level 2.2 Dodging
 * Level 0.1 Spellcasting
 * Level 0.1 Conjurations
 * Level 0.1 Hexes
 * Level 0.1 Summonings
 * Level 0.1 Necromancy
 * Level 0.1 Translocations
 * Level 0.1 Transmutations
 * Level 0.1 Fire Magic
 * Level 0.1 Ice Magic
 * Level 0.1 Air Magic
 * Level 0.1 Earth Magic
 * Level 0.1 Poison Magic You didn't know any spells. Your spell library was empty.

Dungeon Overview and Level Annotations

Branches:
Dungeon (2/15)

Altars:


Innate Abilities, Weirdness & Mutations

You are immune to sickness and miasma.
You are immune to poison.
Your flesh is very heat resistant. (rF++)
You are vulnerable to cold. (rC-)
You float through the air rather than walking.
You learn spells naturally, not from books.
Your magical power is your life essence.
You have superior vitality. (+4 MHP)
You have a pair of small horns on your head.
Armour fits poorly on your strangely shaped body.
You are frail. (-10% HP)
You passively map a small area around you.
You are weak. (Str -2)


Message History

You start waiting.
You start waiting.
You start waiting.
You start waiting.
You start waiting.
You start waiting.
You start waiting.
You start waiting.
You start waiting.
You hear Xom's avuncular chuckle.
Your body is suffused with distortional energy.
You feel less in control of your magic.
You regain control of your magic.
You feel frail. x2
You start waiting.
You start waiting.
You start waiting.
You start waiting.
You start waiting.
Xom is getting BORED.
You start waiting.
You are now a BORING thing.
You start waiting.
You start waiting. "You need some minor improvements, mortal!"
Your body is suffused with distortional energy.
Your large bone plates disappear.
You shed all your fur.
You feel weaker.
Your thinking seems confused.
You are now a very special plaything of Xom.
You start waiting.
You start waiting.
You start waiting.
You start waiting.
You start waiting.
You start waiting.
You start waiting.
You are now a special plaything of Xom.
You start waiting.
You start waiting.
Done waiting.
Are you sure you want to abandon this character and quit the game? (Confirm with "yes".)

.......#.##....#
..[.##.#.#####.#
.#.###.[.....#.#
..........##.#.######
..........##.#......#
..........#.........#
..........#.###)###.#
..........#.#.....#.#
..........#.#..(@.#.#
..........#.........#
............#.....#.#
............#.....#.#
............###.###.#
########.##.........#
########.##.#########
#.....##.##.#
#.....##.##.#######


There were no monsters in sight!

Vanquished Creatures
  A giant cockroach (D:1)
  A goblin (D:1)
  A hobgoblin (D:1)
  A ball python (D:2)
  5 bats (D:1)
  A frilled lizard (D:1)
  A rat (D:1)
11 creatures vanquished.

Notes
Turn   | Place    | Note
-------+----------+-------------------------------------------
     0 | D:1      | Xavori the Djinni Chaos Knight began the quest for the Orb.
     0 | D:1      | Reached XP level 1. HP: 20/20 MP: 0/0
   412 | D:1      | Reached XP level 2. HP: 25/25 MP: 0/0
   646 | D:1      | XOM: silly message
   754 | D:1      | XOM: cloud trail
   803 | D:1      | XOM: silly message
  1272 | D:1      | XOM is BORED!
  1272 | D:1      | XOM: give mutation
  1272 | D:1      | Gained mutation: You have a pair of small horns on your
                  | head. [Xom's mischief]
  2054 | D:1      | XOM: cloud trail
  2814 | D:1      | XOM: god gift: 46 gold pieces
  3445 | D:1      | XOM: give mutations
  3445 | D:1      | Gained mutation: You passively map a small area around you.
                  | [Xom's grace]
  3445 | D:1      | Gained mutation: You possess an exceptional clarity of
                  | mind. [Xom's grace]
  3445 | D:1      | Gained mutation: You are partially covered in large bone
                  | plates. (SH +4) [Xom's grace]
  3552 | D:1      | XOM: stat loss: -1 Int (12/13)
  3568 | D:1      | XOM: god gift: leather armour {god gift}
  3741 | D:1      | XOM is BORED!
  4192 | D:1      | XOM: god gift: 6 boomerangs
  5966 | D:1      | XOM: give mutations
  5966 | D:1      | Gained mutation: Armour fits poorly on your strangely
                  | shaped body. [Xom's mischief]
  5966 | D:1      | Gained mutation: You are covered in fur. (AC +1) [Xom's
                  | mischief]
  6226 | D:1      | XOM: summons 2 hostile demons
  6227 | D:1      | Noticed a quasit
  6227 | D:1      | Noticed a crimson imp
  6948 | D:1      | XOM is BORED!
  7477 | D:1      | XOM: divination: magic mapping
  7647 | D:1      | XOM: god gift: wand of flame (10)
  7739 | D:1      | XOM: cloud trail
  7812 | D:1      | XOM: god gift: +4 ring mail of poison resistance
  7839 | D:1      | XOM: god gift: 4 stones
  8855 | D:1      | XOM: give mutation
  8855 | D:1      | Gained mutation: You are robust. (+10% HP) [Xom's mischief]
  9126 | D:1      | XOM: give mutations
  9126 | D:1      | Gained mutation: Your spells are a little harder to cast,
                  | but a little more powerful. [Xom's mischief]
  9126 | D:1      | Lost mutation: Your spells are a little harder to cast, but
                  | a little more powerful. [Xom's mischief]
  9126 | D:1      | Lost mutation: You are robust. (+10% HP) [Xom's mischief]
  9126 | D:1      | Gained mutation: You are frail. (-10% HP) [Xom's mischief]
  9297 | D:1      | XOM is BORED!
  9297 | D:1      | XOM: give mutations
  9297 | D:1      | Lost mutation: You are partially covered in large bone
                  | plates. (SH +4) [Xom's mischief]
  9297 | D:1      | Lost mutation: You are covered in fur. (AC +1) [Xom's
                  | mischief]
  9297 | D:1      | Gained mutation: You are weak. (Str -2) [Xom's mischief]
  9297 | D:1      | Lost mutation: You possess an exceptional clarity of mind.
                  | [Xom's mischief]
  9583 | D:1      | Quit the game

Illustrated notes

Levels and vault maps discovered:
D:1:      psy_arrival_radial01, layout_basic, st_stairs_3
D:2:      layout_loops_ring, uniq_jessica

Action                     || total
---------------------------++-------
  Melee: Falchion          ||    24
 Armour: Leather armour    ||    13
  Dodge: Dodged            ||    22
  Block: Other             ||     2

Table legend: (Time is in decaauts)
 A = Elapsed time spent in this place.
 B = Non-inter-level travel time spent in this place.
 C = Inter-level travel time spent in this place.
 D = Time resting spent in this place.
 E = Time spent auto-exploring this place.
 F = Levels seen in this place.
 G = Mean time per level.
                   A        B        C        D        E       F      G
               +--------+--------+--------+--------+--------+-----+--------+
         Total |   9589 |   9565 |     24 |   8974 |    476 |   2 | 4794.5 |
       Dungeon |   9589 |   9565 |     24 |   8974 |    476 |   2 | 4794.5 |
               +--------+--------+--------+--------+--------+-----+--------+

Top non-repeatable levels by time:
     D:1: 9077 daAuts
     D:2: 512 daAuts
